 Dungeon Sprint DCSS version 0.22-a0-315-ge0921bb (webtiles) character file.

284 w00t the Zephyrmancer (level 6, -4/45 HPs)
             Began as a Draconian Air Elementalist on Apr 1, 2018.
             Was a Follower of Sif Muna.
             Slain by a troll (8 damage)
             ... in the Dungeon (Sprint IX: "|||||||||||||||||||||||||||||").
             The game lasted 00:02:30 (494 turns).

w00t the Zephyrmancer (Draconian Air Elementalist)   Turns: 494, Time: 00:02:30

Health: -4/45      AC:  8    Str: 10    XL:     6   Next: 7%
Magic:  6/14       EV: 12    Int: 17    God:    Sif Muna [*.....]
Gold:   0          SH:  0    Dex: 15    Spells: 15/16 levels left

rFire    . . .     SeeInvis .   b - staff of energy {+MP, hungerless spells, !d!a}
rCold    . . .     Gourm    .   (no shield)
rNeg     . . .     Faith    .   (armour unavailable)
rPois    .         Spirit   .   (helmet restricted)
rElec    .         Reflect  .   (no cloak)
rCorr    .         Harm     .   (no gloves)
MR       .....     NoTele   +   (no boots)
Stlth    ++........             (no amulet)
HPRegen  0.15/turn              n - +2 ring of protection
MPRegen  0.14/turn              o - +3 ring of dexterity

@: no status effects
A: unfitting armour, cold-blooded, AC +6
a: Divine Energy, Renounce Religion


You were in the Dungeon.
You worshipped Sif Muna.
Sif Muna was aware of your devotion.
You were not hungry.

You visited 1 branch

Inventory:

Hand Weapons
 a - a +2 halberd of protection
Armour
 l - a +0 pair of boots
 m - a +0 pair of gloves
Magical Staves
 b - an uncursed staff of energy (weapon) {+MP, hungerless spells, !d!a}
Jewellery
 n - a +2 ring of protection (left hand)
 o - a +3 ring of dexterity (right hand)
Wands
 k - a wand of acid (10)
Scrolls
 h - 2 scrolls of blinking {!r}
 i - 3 scrolls of remove curse {@r2}
 j - 2 scrolls of amnesia
Potions
 c - a potion of invisibility
 d - 2 potions of heal wounds {@q2}
 e - a potion of haste
 f - 3 potions of magic
 g - 4 potions of curing {@q1}
Comestibles
 q - a ration


   Skills:
 - Level 1.7 Dodging
 - Level 1.7 Stealth
 + Level 5.5 Spellcasting
 * Level 8.1 Conjurations
 * Level 8.6 Air Magic


You had 15 spell levels left.
You knew the following spells:

 Your Spells              Type           Power        Failure   Level  Hunger
a - Shock                 Conj/Air       ####         1%          1    None


Dungeon Overview and Level Annotations

Branches:
Dungeon (1/1)

Altars:
Cheibriados
Dithmenos
Elyvilon
Fedhas
Gozag
Hepliaklqana
Kikubaaqudgha
Makhleb
Nemelex Xobeh
Okawaru
Qazlal
Ru
Sif Muna
Trog
Uskayaw
Vehumet
Wu Jian
Xom
Yredelemnul
Zin
The Shining One
Beogh
Jiyva
Lugonu


Innate Abilities, Weirdness & Mutations

Your plain brown scales are hard. (AC +6)
You cannot fit into any form of body armour.
You are cold-blooded and may be slowed by cold attacks.


Message History

* * * LOW HITPOINT WARNING * * *
The troll barely misses you.
Really attack while wielding your uncursed staff of energy {+MP, hungerless spells, !d!a}? [Y]es or [N]o only, please.
Really attack while wielding your uncursed staff of energy {+MP, hungerless spells, !d!a}?
Okay, then.
Items here: ))))) a +2 scimitar of flaming; a +0 lajatang; a +2 dire flail of crushing a +3 war axe of freezing; a +2 rapier of distortion {!w} You see here a +0 club.
The troll closely misses you. x3
Casting: Shock (safe; 1% risk of failure)
Confirm with . or Enter, or press ? or * to list all spells.
Aiming: Shock (safe; 1% risk of failure)
Press: ? - help, Shift-Dir - straight line, f/p - troll
Aim: a troll (heavily wounded)
The zap misses the troll.
The troll bites you!!
* * * LOW HITPOINT WARNING * * *
The troll claws you!
You die... ▓▓▓▓▓▓▓▓▓▓▓▓▓▓▓▓▓▓▓▓▓▓▓▓▓▓▓▓▓▓▓ ______________'.@T)..[..††....l ▓▓▓▓▓▓▓▓▓▓▓▓▓▓▓▓▓▓▓▓▓▓▓▓▓▓▓▓▓▓▓

You could see a troll.

Vanquished Creatures
  A phantom (D)
  An ogre (D)
  A crimson imp (D)
  A hound (D)
  An iguana (D)
  A gnoll (D)
  A shadow imp (D)
  A worm (D)
  A dart slug (D)
  A leopard gecko (D)
  A goblin (D)
  2 hobgoblins (D)
  A quokka (D)
  A rat (D)
15 creatures vanquished.

Notes
Turn   | Place    | Note
-------+----------+-------------------------------------------
     0 | D        | w00t the Draconian Air Elementalist began the quest for the Orb.
     0 | D        | Reached XP level 1. HP: 14/14 MP: 3/3
   102 | D        | Noticed an ogre
   102 | D        | Noticed a phantom
   104 | D        | Reached XP level 2. HP: 20/20 MP: 1/5
   111 | D        | Killed an ogre
   111 | D        | Reached skill level 5 in Conjurations
   111 | D        | Reached XP level 3. HP: 7/26 MP: 1/8
   111 | D        | Reached XP level 4. HP: 9/33 MP: 1/9
   134 | D        | Killed a phantom
   134 | D        | Reached XP level 5. HP: 5/38 MP: 3/12
   415 | D        | Found a roughly hewn altar of Beogh.
   415 | D        | Found a snail-covered altar of Cheibriados.
   415 | D        | Found a shadowy altar of Dithmenos.
   415 | D        | Found a white marble altar of Elyvilon.
   415 | D        | Found a blossoming altar of Fedhas.
   415 | D        | Found an opulent altar of Gozag.
   416 | D        | Found a hazy altar of Hepliaklqana.
   417 | D        | Found a viscous altar of Jiyva.
   418 | D        | Found an ancient bone altar of Kikubaaqudgha.
   419 | D        | Found a corrupted altar of Lugonu.
   420 | D        | Found a burning altar of Makhleb.
   421 | D        | Found a sparkling altar of Nemelex Xobeh.
   422 | D        | Found an iron altar of Okawaru.
   423 | D        | Found a stormy altar of Qazlal.
   424 | D        | Found a sacrificial altar of Ru.
   425 | D        | Found a deep blue altar of Sif Muna.
   426 | D        | Found a bloodstained altar of Trog.
   427 | D        | Found a hide-covered altar of Uskayaw.
   428 | D        | Found a radiant altar of Vehumet.
   429 | D        | Found an ornate altar of the Wu Jian Council.
   430 | D        | Found a shimmering altar of Xom.
   431 | D        | Found a basalt altar of Yredelemnul.
   432 | D        | Found a glowing silver altar of Zin.
   433 | D        | Became a worshipper of Sif Muna the Loreminder
   434 | D        | Found a glowing golden altar of the Shining One.
   479 | D        | Noticed a troll
   487 | D        | Reached * piety under Sif Muna
   487 | D        | Reached skill level 5 in Spellcasting
   488 | D        | Reached XP level 6. HP: 40/45 MP: 6/14
   494 | D        | Slain by a troll

Vault maps used:
D:        linesprint

Skill      XL: |  1  2  3  4  5 |
---------------+----------------+-----
Conjurations   | 2 5 7 8 |  8.1
Spellcasting   | 3 4 5 |  5.5
Air Magic      | 6 7 8 |  8.6
Dodging        | |  1.7
Stealth        | |  1.7

Action                   |  1- 3 |  4- 6 || total
-------------------------+-------+-------++-------
Melee: Unarmed           |     7 |       ||     7
       Club              |     4 |     2 ||     6
       Tailslap          |     1 |       ||     1
 Cast: Shock             |     5 |    17 ||    22
  Use: Potion            |     1 |     3 ||     4
Armor: Skin              |     1 |     5 ||     6
Dodge: Dodged            |     5 |    16 ||    21

Table legend:
 A = Spawn XP
 B = Non-spawn XP
 C = Spawn XP percentage of total XP
 D = Spawn monster count
 E = Non-spawn monster count
 F = Spawn count percentage of total count
 G = Total turns spent on level
                    A         B        C        D         E        F      G
               +---------+---------+-------+---------+---------+-------+---------
         Total |       0 |     407 |   0.0 |       0 |      15 |   0.0 |   494
               +---------+---------+-------+---------+---------+-------+---------
             D |       0 |     407 |   0.0 |       0 |      15 |   0.0 |   494
               +---------+---------+-------+---------+---------+-------+---------
